 Dungeon Crawl Stone Soup version 0.21.0-24-g2553a3340b (webtiles) character file.

672 Krosko the Skirmisher (level 7, 0/48 HPs)
             Began as a Gargoyle Fighter on Jan 21, 2018.
             Was a Follower of Kikubaaqudgha.
             Slain by subsebi's ghost (2 damage)
             ... on level 5 of the Dungeon.
             The game lasted 00:21:32 (2908 turns).

Krosko the Skirmisher (Gargoyle Fighter)            Turns: 2908, Time: 00:21:33

Health: 0/48       AC: 11    Str: 21    XL:     7   Next: 59%
Magic:  7/7        EV: 10    Int:  9    God:    Kikubaaqudgha [*.....]
Gold:   173        SH:  9    Dex:  9    Spells: 4/6 levels left

rFire    . . .     SeeInvis .   w - +2 flail (drain)
rCold    . . .     Gourm    .   c - +0 shield
rNeg     + . .     Faith    +   b - +0 scale mail
rPois    ∞         Spirit   .   (no helmet)
rElec    +         Reflect  .   (no cloak)
rCorr    .         Harm     .   (no gloves)
MR       .....                  (no boots)
Stlth    ..........             a - amulet of faith
HPRegen  0.16/turn              j - +2 ring of evasion
MPRegen  0.10/turn              (no ring)

@: no status effects
A: negative energy resistance 1, electricity resistance, unbreathing,
petrification resistance, rot immunity, AC +4
a: Receive Corpses, Renounce Religion


You were on level 5 of the Dungeon.
You worshipped Kikubaaqudgha.
Kikubaaqudgha was aware of your devotion.
You were hungry.

You visited 1 branch of the dungeon, and saw 5 of its levels.

You collected 173 gold pieces.

Inventory:

Hand Weapons
 w - a +2 flail of draining (weapon)
Armour
 b - a +0 scale mail (worn)
 c - a +0 shield (worn)
Jewellery
 a - an amulet of faith (around neck)
 j - a +2 ring of evasion (left hand)
 m - an uncursed ring of fire
Wands
 i - a wand of polymorph (6)
 y - a wand of disintegration (3)
Scrolls
 e - 9 scrolls of identify
 g - 3 scrolls of enchant weapon
 h - 4 scrolls of remove curse {unknown}
 l - 2 scrolls of teleportation {unknown}
 p - a scroll of random uselessness {unknown}
 q - a scroll of fear {unknown}
 r - a scroll of magic mapping {unknown}
 x - a scroll of enchant armour {unknown}
Potions
 d - 2 potions of might
 k - 2 potions of brilliance {unknown}
 n - a potion of haste {unknown}
 o - 2 potions of curing {unknown}
 s - a potion of lignification {unknown}
 t - a potion of agility {unknown}
 v - a potion of magic {unknown}
 z - a potion of heal wounds {unknown}
Books
 u - Kikubaaqudgha's Grimoire of Evil Rituals
   (Kikubaaqudgha gifted it to you on level 3 of the Dungeon)

   Spells                             Type                      Level
   a - Animate Skeleton               Necromancy                   1
   b - Pain                           Necromancy                   1
   c - Corpse Rot                     Necromancy                   2
   d - Regeneration                   Charms/Necromancy            3
Comestibles
 f - 11 rations


   Skills:
 + Level 7.6 Fighting
 - Level 2.0 Maces & Flails
 - Level 3.3 Armour
 - Level 1.4 Dodging
 - Level 0.8 Stealth
 - Level 3.3 Shields
 + Level 3.3 Necromancy


You had 4 spell levels left.
You knew the following spells:

 Your Spells              Type           Power        Failure   Level  Hunger
a - Animate Skeleton      Necr           N/A          77%         1    ##.....
b - Pain                  Necr           #...         77%         1    ##.....


Dungeon Overview and Level Annotations

Branches:
Dungeon (5/15)
 Temple: D:4-7

Altars:
Kikubaaqudgha
Qazlal

Annotations:
D:5 subsebi's ghost, novice DsCK


Innate Abilities, Weirdness & Mutations

You are resistant to torment.
Your stone body is resilient. (AC +4)
You are immune to poison.
You resist negative energy. (rN+)
You are resistant to electric shocks. (rElec)
You can survive without breathing.
You are immune to petrification.
You are immune to rotting.


Message History

Subsebi's ghost is almost destroyed.
Subsebi's ghost hits you!
* * * LOW HITPOINT WARNING * * *
You hit subsebi's ghost.
Subsebi's ghost is almost destroyed.
You block subsebi's ghost's attack. Subsebi's ghost completely misses you.
You barely miss subsebi's ghost.
Subsebi's ghost is almost destroyed.
Subsebi's ghost hits you.
* * * LOW HITPOINT WARNING * * *
You closely miss subsebi's ghost.
Subsebi's ghost is almost destroyed.
Subsebi's ghost barely misses you.
You completely miss subsebi's ghost.
Subsebi's ghost is almost destroyed.
Subsebi's ghost barely misses you. Subsebi's ghost hits you.
* * * LOW HITPOINT WARNING * * *
Subsebi's ghost hits you.
You die...
Kikubaaqudgha rasps: "You have failed me!
Welcome... oblivion!"

#.<.<#...........
######.†###..........
#.........#######.).
#.........#
#.........#
#.........#
#.......[.#
#>...W....#
#.....@...#
###########


You could see subsebi's ghost.

Vanquished Creatures
  Menkaure (D:5)
  Edmund (D:4)
  A phantom (D:4)
  A scorpion (D:4)
  An orc wizard (D:3)
  Jessica (D:2)
  2 iguanas
  4 worker ants
  4 adders
  An ooze (D:3)
  3 worms (D:2)
  A dart slug (D:1)
  3 leopard geckos
  8 orcs
  2 ball pythons (D:3)
  7 bats
  4 giant cockroaches
  5 goblins
  7 hobgoblins
  2 jackals (D:1)
  2 quokkas
  A frilled lizard (D:2)
  A jackal skeleton (D:5)
  7 kobolds
  6 rats
76 creatures vanquished.

Notes
Turn   | Place    | Note
-------+----------+-------------------------------------------
     0 | D:1      | Krosko the Gargoyle Fighter began the quest for the Orb.
     0 | D:1      | Reached XP level 1. HP: 14/14 MP: 1/1
   228 | D:1      | Reached XP level 2. HP: 20/20 MP: 2/2
   334 | D:1      | Reached skill level 4 in Fighting
   987 | D:2      | Reached XP level 3. HP: 24/24 MP: 3/3
  1019 | D:2      | Noticed Jessica
  1048 | D:2      | Killed Jessica
  1183 | D:2      | Reached XP level 4. HP: 25/30 MP: 4/4
  1272 | D:2      | Reached skill level 5 in Fighting
  1292 | D:2      | Reached skill level 1 in Dodging
  1402 | D:2      | Found a stormy altar of Qazlal.
  1655 | D:3      | Reached XP level 5. HP: 29/36 MP: 5/5
  1985 | D:3      | Found a faded altar of an unknown god.
  2110 | D:3      | Became a worshipper of Kikubaaqudgha
  2110 | D:3      | Reached * piety under Kikubaaqudgha
  2110 | D:3      | Identified Kikubaaqudgha's Grimoire of Evil Rituals (Kikubaaqudgha gifted it to you on level 3 of the Dungeon)
  2110 | D:3      | Received a gift from Kikubaaqudgha
  2204 | D:4      | Noticed a phantom
  2232 | D:4      | Killed a phantom
  2232 | D:4      | Reached skill level 6 in Fighting
  2232 | D:4      | Reached skill level 1 in Necromancy
  2232 | D:4      | Reached XP level 6. HP: 33/42 MP: 6/6
  2235 | D:4      | Learned a level 1 spell: Animate Skeleton
  2263 | D:4      | Noticed Edmund
  2274 | D:4      | Killed Edmund
  2284 | D:4      | Learned a level 1 spell: Pain
  2599 | D:4      | Reached skill level 7 in Fighting
  2599 | D:4      | Reached XP level 7. HP: 47/48 MP: 7/7
  2796 | D:5      | Entered Level 5 of the Dungeon
  2796 | D:5      | Noticed Menkaure
  2815 | D:5      | Killed Menkaure
  2860 | D:5      | Noticed subsebi's ghost (novice DsCK)
  2906 | D:5      | HP: 2/48 [subsebi's ghost (4)]
  2908 | D:5      | Slain by subsebi's ghost

Skill      XL: |  1  2  3  4  5  6  7 |
---------------+----------------------+-----
Fighting       | 4 5 6 7 |  7.6
Dodging        | 1 |  1.4
Necromancy     | 1 2 3 |  3.3
Maces & Flails | |  2.0
Armour         | |  3.3
Stealth        | |  0.8
Shields        | |  3.3

Action                   |  1- 3 |  4- 6 |  7- 9 || total
-------------------------+-------+-------+-------++-------
Melee: Flail             |    83 |   160 |    75 ||   318
       Unarmed           |     3 |       |       ||     3
  Use: Scroll            |       |     2 |       ||     2
  Eat: Chunk             |     1 |     2 |       ||     3
       Ration            |       |     1 |       ||     1
Armor: Scale mail        |    50 |   113 |    24 ||   187
       Skin              |     1 |       |       ||     1
Dodge: Dodged            |    24 |    64 |    33 ||   121
Block: Shield            |    24 |    85 |    32 ||   141
